[Event "January 9 Late 2024"]
[Site "https://www.chess.com"]
[Date "2024.01.10"]
[Round "3"]
[White "Cardozo Munar, Carlos Eduardo"]
[Black "Lima, Stefan Moisei VIeira"]
[Result "0-1"]
[Board "212"]
[TimeControl "180+1"]
[WhiteFideId "4409477"]
[BlackFideId "22782273"]
[WhiteElo "2208"]
[BlackElo "2442"]
[WhiteTeam "COL"]
[BlackTeam "BRA"]
[WhiteClock "0:00:00"]
[BlackClock "0:00:04"]

1. d4 Nf6 2. Bg5 e6 3. e4 d6 4. Nd2 Be7 5. Bd3 Nc6 6. c3 h6 7. Bh4 a5 8. a3 e5 9. Ne2 O-O 10. O-O Nh5 11. Bxe7 Nxe7 12. f4 Bg4 13. f5 exd4 14. cxd4 Nc6 15. Nf3 Re8 16. h3 Bxf3 17. Rxf3 Nf6 18. Qc2 Qe7 19. Raf1 Nxe4 20. f6 Nxf6 21. Rxf6 gxf6 22. Rf3 f5 23. Qd2 Qh4 24. Bc4 Re4 25. Rxf5 Rf8 26. Bd5 Rxe2 27. Qxe2 Nxd4 28. Qg4+ Qxg4 29. hxg4 Nxf5 30. gxf5 Kg7 31. Bxb7 Rb8 32. Bc6 Rxb2 33. a4 Rb4 34. Kf2 Kf6 35. Bd7 Ke5 36. Kf3 c5 37. Be8 f6 38. Bb5 d5 39. g4 Rf4+ 40. Kg3 c4 41. Kh4 Rf1 42. Kh5 Rh1+ 43. Kg6 c3 44. Bd3 d4 0-1

[Event "January 9 Late 2024"]
[Site "https://www.chess.com"]
[Date "2024.01.09"]
[Round "3"]
[White "Korkmaz, Necmettin"]
[Black "Palmer, Reegan"]
[Result "0-1"]
[Board "213"]
[TimeControl "180+1"]
[WhiteFideId "6303285"]
[BlackFideId "14322145"]
[WhiteElo "2439"]
[BlackElo "2208"]
[WhiteTeam "TUR"]
[BlackTeam "RSA"]
[WhiteClock "0:00:55"]
[BlackClock "0:00:22"]

1. e4 c5 2. Nc3 a6 3. a4 e6 4. f4 d5 5. Nf3 Nf6 6. e5 Nfd7 7. g3 Nc6 8. Bg2 f6 9. exf6 Nxf6 10. O-O Be7 11. Re1 O-O 12. Ne5 Nxe5 13. Rxe5 Bd6 14. Re1 Qc7 15. d4 cxd4 16. Ne2 e5 17. fxe5 Bxe5 18. Nxd4 Bg4 19. Qd3 Rae8 20. Be3 Bh5 21. c3 Bg6 22. Qd2 Ne4 23. Qd1 Nxg3 24. Bxd5+ Kh8 25. Ne6 Rxe6 26. Bxe6 Ne4 27. Qe2 Qe7 28. Bd5 Qh4 29. Rf1 Rd8 30. Bxb7 Ng5 31. Bg2 Qxh2+ 32. Kf2 Bg3# 0-1

[Event "January 9 Late 2024"]
[Site "https://www.chess.com"]
[Date "2024.01.09"]
[Round "3"]
[White "Storn, Justin"]
[Black "Sailer, Mike"]
[Result "0-1"]
[Board "214"]
[TimeControl "180+1"]
[WhiteFideId "30922720"]
[BlackFideId "2012901"]
[WhiteElo "2424"]
[BlackElo "2204"]
[WhiteTeam "USA"]
[BlackTeam "USA"]
[WhiteClock "0:01:02"]
[BlackClock "0:01:25"]

1. Nf3 d5 2. d4 Nf6 3. c4 Bf5 4. cxd5 Bxb1 5. Rxb1 Qxd5 6. g3 e6 7. Qa4+ Nc6 8. Bg2 Bb4+ 9. Bd2 Bxd2+ 10. Kxd2 O-O 11. Rhc1 e5 12. Rc5 Ne4+ 13. Ke1 Nxc5 14. dxc5 Qxc5 15. Kf1 Rad8 16. Ng5 h6 17. Ne4 Qd4 18. Qb3 Na5 19. Qf3 Qd1+ 0-1

[Event "January 9 Late 2024"]
[Site "https://www.chess.com"]
[Date "2024.01.09"]
[Round "3"]
[White "Poddubnyi, Viktor"]
[Black "Abdi, Farzad"]
[Result "0-1"]
[Board "215"]
[TimeControl "180+1"]
[WhiteFideId "4141989"]
[BlackFideId "2076829"]
[WhiteElo "2420"]
[BlackElo "2199"]
[WhiteTeam "RUS"]
[BlackTeam "USA"]
[WhiteClock "0:00:02"]
[BlackClock "0:00:22"]

1. e4 e5 2. f4 Bc5 3. Nf3 d6 4. c3 Bg4 5. h3 Bxf3 6. Qxf3 Nc6 7. Bc4 Nf6 8. d3 a6 9. f5 Qe7 10. Bg5 O-O-O 11. Nd2 h6 12. Bh4 Rhf8 13. Rf1 Kb8 14. b4 Bb6 15. O-O-O a5 16. b5 d5 17. exd5 Qa3+ 18. Kc2 Bd4 19. Nb1 Nb4+ 20. Kd2 Qb2+ 21. Ke1 Bxc3+ 22. Nxc3 Qxc3+ 23. Kf2 Qd4+ 24. Kg3 Nbxd5 25. Kh2 Qxh4 0-1

[Event "January 9 Late 2024"]
[Site "https://www.chess.com"]
[Date "2024.01.10"]
[Round "3"]
[White "Piscicelli, Daniel Orlando"]
[Black "Goncalves, Samuel Jesus P"]
[Result "0-1"]
[Board "216"]
[TimeControl "180+1"]
[WhiteFideId "101958"]
[BlackFideId "1945130"]
[WhiteElo "2183"]
[BlackElo "2417"]
[WhiteTeam "ARG"]
[BlackTeam "POR"]
[WhiteClock "0:00:00"]
[BlackClock "0:00:36"]

1. e4 d5 2. exd5 Qxd5 3. Nc3 Qa5 4. d4 Nf6 5. Bd2 c6 6. Nf3 Bf5 7. Be2 e6 8. O-O Qc7 9. Nh4 Bg6 10. h3 Nbd7 11. Be3 Bd6 12. a4 O-O 13. Nxg6 hxg6 14. Bf3 Rad8 15. Qe2 Rfe8 16. Rad1 e5 17. dxe5 Nxe5 18. Kh1 Rd7 19. Rd2 Red8 20. Rfd1 Nxf3 21. Qxf3 Be5 22. Rxd7 Rxd7 23. Rxd7 Qxd7 24. Bxa7 Qd2 25. Qe2 Bxc3 26. Qxd2 Bxd2 27. b3 Kf8 28. f3 Ke7 29. Bc5+ Ke6 30. Kg1 Bc3 31. Kf1 Nd5 32. Ke2 Nf4+ 33. Ke3 Nxg2+ 34. Kf2 Nf4 35. Kg3 Be5 36. Kh4 f6 37. Be3 Ng2+ 0-1

[Event "January 9 Late 2024"]
[Site "https://www.chess.com"]
[Date "2024.01.09"]
[Round "3"]
[White "Ferrufino, Boris"]
[Black "Bueno, Alfeu Junior Varela"]
[Result "1-0"]
[Board "217"]
[TimeControl "180+1"]
[WhiteFideId "3300170"]
[BlackFideId "2108879"]
[WhiteElo "2168"]
[BlackElo "2411"]
[WhiteTeam "BOL"]
[BlackTeam "BRA"]
[WhiteClock "0:01:21"]
[BlackClock "0:00:08"]

1. e4 e6 2. d4 d5 3. Nd2 Nf6 4. e5 Nfd7 5. Bd3 c5 6. c3 Nc6 7. Ne2 cxd4 8. cxd4 f6 9. exf6 Nxf6 10. Nf3 Bd6 11. O-O Qc7 12. b3 e5 13. dxe5 Nxe5 14. Bb5+ Bd7 15. Bxd7+ Qxd7 16. Ned4 O-O 17. Re1 Rae8 18. Bb2 Ne4 19. Rc1 Qf7 20. Rc2 Qg6 21. Nxe5 Bxe5 22. Rce2 Qh6 23. g3 Qf6 24. f4 Bb8 25. Nf3 Qb6+ 26. Bd4 Qb5 27. Ne5 Re6 28. Kg2 Qe8 29. Nf3 Qh5 30. Ne5 Rh6 31. h4 Bxe5 32. Bxe5 Rd8 33. Rxe4 Qxd1 34. Rxd1 dxe4 35. Rxd8+ Kf7 36. Rd7+ 1-0

[Event "January 9 Late 2024"]
[Site "https://www.chess.com"]
[Date "2024.01.09"]
[Round "3"]
[White "Varela La Madrid, Maria"]
[Black "Meduri, Aakaash"]
[Result "0-1"]
[Board "218"]
[TimeControl "180+1"]
[WhiteFideId "3903346"]
[BlackFideId "2032252"]
[WhiteElo "2165"]
[BlackElo "2408"]
[WhiteTeam "VEN"]
[BlackTeam "USA"]
[WhiteClock "0:00:06"]
[BlackClock "0:00:08"]

1. d4 f5 2. g3 Nf6 3. Bg2 e6 4. Nf3 Be7 5. O-O O-O 6. c4 d6 7. Nc3 Ne4 8. Nxe4 fxe4 9. Ne1 d5 10. f3 dxc4 11. fxe4 c5 12. Rxf8+ Bxf8 13. Be3 cxd4 14. Qxd4 Qxd4 15. Bxd4 Nc6 16. Bf2 e5 17. Nc2 b5 18. Ne3 Nd4 19. Kf1 Be6 20. Nd5 Rc8 21. e3 Nc6 22. Rc1 Nb4 23. Nxb4 Bxb4 24. Be1 Bc5 25. Ke2 Rd8 26. Bf3 a6 27. Bd2 Kf7 28. Rf1 Ke7 29. g4 g5 30. a3 Rd3 31. h4 h6 32. hxg5 hxg5 33. Rh1 Rb3 34. Bc3 Bxa3 35. Bxe5 Bxb2 36. Rh7+ Bf7 37. Bc7 Ke6 38. Rh6+ Kd7 39. Bb8 Bg7 40. Rh7 Rb2+ 41. Kf1 c3 42. Rxg7 Ke6 43. Bd1 c2 44. Bxc2 Rxc2 45. Rxg5 b4 46. Re5+ Kf6 47. Rf5+ Kg6 48. Be5 Bc4+ 49. Kg1 b3 50. Rf6+ Kg5 51. Rc6 a5 52. Bd4 Kxg4 53. e5 Kg3 54. Rg6+ Kf3 55. Rf6+ Ke4 56. e6 Bxe6 57. Rxe6+ Kd3 58. Ra6 Ra2 59. Kf1 a4 60. Ke1 a3 61. Kf1 b2 62. Bxb2 axb2 63. Rb6 Ra1+ 64. Kg2 b1=Q 65. Rxb1 Rxb1 66. Kf3 Rb4 67. Kf2 Re4 68. Kg3 Rxe3+ 69. Kf2 Ke4 70. Kg2 Kf4 71. Kf2 Re4 72. Kg2 Re2+ 73. Kf1 Ra2 74. Kg1 Kf3 75. Kf1 Ra1# 0-1

[Event "January 9 Late 2024"]
[Site "https://www.chess.com"]
[Date "2024.01.09"]
[Round "3"]
[White "Rees, Ioan"]
[Black "Vila Dupla, Aurelio"]
[Result "0-1"]
[Board "219"]
[TimeControl "180+1"]
[WhiteFideId "1801236"]
[BlackFideId "2203383"]
[WhiteElo "2407"]
[BlackElo "2163"]
[WhiteTeam "WLS"]
[BlackTeam "ESP"]
[WhiteClock "0:01:28"]
[BlackClock "0:00:45"]

1. e4 c5 2. c3 d5 3. exd5 Qxd5 4. Nf3 Nf6 5. Na3 Bg4 6. Be2 Nc6 7. d3 e6 8. Nc4 Qd7 9. O-O Bd6 10. Qb3 O-O 11. Nxd6 Qxd6 12. Qxb7 Rfb8 13. Qa6 Rb6 14. Qa4 Ne5 15. Nxe5 Bxe2 16. Nc4 Qb8 17. Nxb6 axb6 18. Qb5 Bxf1 19. Kxf1 Qxh2 20. Qc6 Rd8 21. g3 Qh3+ 22. Qg2 Qxg2+ 23. Kxg2 Rxd3 24. Bf4 Nd5 25. Bb8 Rd2 26. c4 Ne3+ 27. Kf3 Nxc4 28. b3 Nd6 29. Bxd6 Rxd6 30. a4 Rd3+ 31. Ke4 Rxb3 32. a5 bxa5 33. Rxa5 g6 34. Rxc5 Kg7 35. Kf4 h5 36. g4 Rb4+ 37. Kf3 Rxg4 0-1

[Event "January 9 Late 2024"]
[Site "https://www.chess.com"]
[Date "2024.01.09"]
[Round "3"]
[White "Feliz Dotel, Dewar Bienvenido"]
[Black "Alvarado, Carlos"]
[Result "0-1"]
[Board "220"]
[TimeControl "180+1"]
[WhiteFideId "6402801"]
[BlackFideId "3800555"]
[WhiteElo "2161"]
[BlackElo "2405"]
[WhiteTeam "DOM"]
[BlackTeam "PER"]
[WhiteClock "0:00:00"]
[BlackClock "0:01:10"]

1. Nf3 d5 2. g3 Nf6 3. Bg2 c6 4. O-O Bf5 5. d4 h6 6. c4 e6 7. Nc3 Nbd7 8. Nd2 Bh7 9. e4 dxe4 10. Ndxe4 Be7 11. Qb3 Qb6 12. c5 Qxb3 13. axb3 O-O 14. Bf4 Nd5 15. Nxd5 exd5 16. Bd6 Rfe8 17. Bxe7 Bxe4 18. Bd6 Bxg2 19. Kxg2 Re2 20. Rfe1 Rxe1 21. Rxe1 b6 22. Re7 Nf6 23. Rc7 bxc5 24. Bxc5 Rb8 25. b4 a5 26. bxa5 Rxb2 27. a6 Ra2 28. a7 Kh7 29. Rc8 Ne4 30. a8=Q Rxf2+ 31. Kg1 Rc2 32. Rh8+ Kg6 33. Qxc6+ f6 34. Qxd5 Ng5 35. Qb3 Nh3+ 36. Kf1 Rf2+ 37. Ke1 Rxh2 38. Qb1+ f5 39. Qb6+ Kh5 40. Rg8 g5 41. Qg6+ Kg4 42. Rf8 Rf2 43. Re8 Rf3 44. d5 Rxg3 45. Qxf5+ Kxf5 0-1

[Event "January 9 Late 2024"]
[Site "https://www.chess.com"]
[Date "2024.01.09"]
[Round "3"]
[White "Michalski, Olaf"]
[Black "Ozen, Metehan"]
[Result "0-1"]
[Board "221"]
[TimeControl "180+1"]
[WhiteFideId "1106740"]
[BlackFideId "34596054"]
[WhiteElo "2149"]
[BlackElo "2401"]
[WhiteTeam "POL"]
[BlackTeam "TUR"]
[WhiteClock "0:00:15"]
[BlackClock "0:01:39"]

1. d4 d5 2. c4 c6 3. cxd5 cxd5 4. Nc3 Nf6 5. Nf3 Nc6 6. Bf4 a6 7. e3 Bg4 8. h3 Bh5 9. Qb3 Na5 10. Qa4+ b5 11. Nxb5 axb5 12. Bxb5+ Nd7 13. Ne5 Nc6 14. Nxc6 Rxa4 15. Nxd8 Rb4 16. Rc1 Rxb5 17. Rc8 Nb6 18. Rb8 e5 19. Nc6+ Kd7 20. Nxe5+ Ke6 21. O-O f6 22. Re8+ Bxe8 0-1

[Event "January 9 Late 2024"]
[Site "https://www.chess.com"]
[Date "2024.01.09"]
[Round "3"]
[White "Marchesich, Giovanni"]
[Black "Floresvillar Gonzalez, Luis Migu"]
[Result "1-0"]
[Board "222"]
[TimeControl "180+1"]
[WhiteFideId "2824790"]
[BlackFideId "5100542"]
[WhiteElo "2397"]
[BlackElo "2135"]
[WhiteTeam "ITA"]
[BlackTeam "MEX"]
[WhiteClock "0:02:13"]
[BlackClock "0:00:00"]

1. Nc3 e5 2. Nf3 f6 3. e4 Bc5 4. Bc4 Ne7 5. O-O d6 6. d4 exd4 7. Nxd4 Bxd4 8. Qxd4 Nbc6 9. Qd1 Ne5 10. Bb3 Bd7 11. f4 N5g6 12. Qh5 f5 13. exf5 Bxf5 14. g4 Qd7 15. gxf5 Qxf5 16. Qxf5 Nxf5 17. Re1+ Kf8 18. Bd2 c6 19. Ne4 d5 20. Nc5 1-0

[Event "January 9 Late 2024"]
[Site "https://www.chess.com"]
[Date "2024.01.09"]
[Round "3"]
[White "Ivanov, Aleksandr"]
[Black "Avalos Parra, Joao"]
[Result "0-1"]
[Board "223"]
[TimeControl "180+1"]
[WhiteFideId "2092980"]
[BlackFideId "3402541"]
[WhiteElo "2145"]
[BlackElo "2389"]
[WhiteTeam "USA"]
[BlackTeam "CHI"]
[WhiteClock "0:00:00"]
[BlackClock "0:00:10"]

1. d4 d5 2. c4 e6 3. Nc3 Nf6 4. cxd5 exd5 5. Bg5 c6 6. e3 h6 7. Bh4 Be7 8. Bd3 O-O 9. Qc2 Re8 10. Nge2 Nbd7 11. O-O a5 12. Rad1 Nh5 13. Bxe7 Qxe7 14. Ng3 Nxg3 15. hxg3 Nf6 16. Ne2 Bg4 17. Rc1 Qd6 18. Nf4 Re7 19. Bf5 Rae8 20. Bxg4 Nxg4 21. Qf5 Nf6 22. Nd3 Ne4 23. Ne5 g6 24. Qh3 Kg7 25. Rc2 f6 26. Nd3 h5 27. Nf4 Rh8 28. a3 Ng5 29. Qh2 Ne4 30. Qh3 Ng5 31. Qh2 Qd7 32. Rfc1 Qg4 33. Qh4 Qf5 34. Ne2 Ne6 35. Qh3 Qd3 36. Nf4 Nxf4 37. gxf4 Rhe8 38. Qf3 h4 39. Rc3 Qf5 40. Rc5 Ra8 41. R5c3 a4 42. Rc5 Rh8 43. R5c2 h3 44. g4 h2+ 45. Kh1 Qd3 46. Rc3 Qb5 47. R3c2 Rh4 48. Qg3 Rh8 49. Qg2 Qb3 50. Qf3 Re4 51. Qg2 Qd3 52. Rc3 Qb5 53. R3c2 Qb6 54. Rf1 Qd8 55. Rc3 Qd7 56. f3 Re7 57. Rf2 Qe8 58. Re2 Rh7 59. Qg3 Qd7 60. Qg2 Qe8 61. Rcc2 Re6 62. Rc3 Qe7 63. f5 Rd6 64. fxg6 Kxg6 65. Re1 Kf7 66. g5 fxg5 67. Re2 Rdh6 68. Qg4 Qf6 69. Qd7+ Kg6 70. Qg4 Qf5 71. Qg3 Rh3 72. Qd6+ Qf6 73. Qxf6+ Kxf6 0-1

[Event "January 9 Late 2024"]
[Site "https://www.chess.com"]
[Date "2024.01.09"]
[Round "3"]
[White "Paragua, Megan Althea"]
[Black "Ottosen, David"]
[Result "1-0"]
[Board "224"]
[TimeControl "180+1"]
[WhiteFideId "30973007"]
[BlackFideId "2603080"]
[WhiteElo "2382"]
[BlackElo "2135"]
[WhiteTeam "USA"]
[BlackTeam "CAN"]
[WhiteClock "0:00:24"]
[BlackClock "0:00:37"]

1. e4 e6 2. d4 d5 3. Nd2 Be7 4. e5 c5 5. c3 Nc6 6. Ngf3 Bd7 7. Bd3 f6 8. exf6 Nxf6 9. O-O O-O 10. dxc5 Bxc5 11. Nb3 Bb6 12. Bg5 e5 13. Bc2 Be6 14. h3 e4 15. Nfd4 Nxd4 16. Nxd4 Qe8 17. Qd2 Nd7 18. Nxe6 Qxe6 19. Bb3 Rf5 20. g4 Rxg5 21. Qxg5 Ne5 22. Kh1 Rf8 23. Rad1 h6 24. Qh5 Qf6 25. Bxd5+ Kh8 26. Bxe4 Bc7 27. f4 Nc4 28. g5 Qb6 29. gxh6 Qxh6 30. Qxh6+ gxh6 31. Rd7 Bxf4 32. Rh7+ Kg8 33. h4 Nd6 34. Rg1+ Bg5 35. hxg5 Nxe4 36. Rxh6 Rf4 37. g6 Nf2+ 38. Kg2 Ng4 39. Rh4 Ne3+ 40. Kg3 Rf6 41. Kh3 Kg7 42. Rh7+ Kg8 43. Rxb7 Rf3+ 44. Rg3 1-0

[Event "January 9 Late 2024"]
[Site "https://www.chess.com"]
[Date "2024.01.09"]
[Round "3"]
[White "Gerbelli Neto, Eduardo"]
[Black "Petersson, Kjell"]
[Result "0-1"]
[Board "225"]
[TimeControl "180+1"]
[WhiteFideId "2103281"]
[BlackFideId "1705148"]
[WhiteElo "2368"]
[BlackElo "2132"]
[WhiteTeam "BRA"]
[BlackTeam "SWE"]
[WhiteClock "0:00:07"]
[BlackClock "0:00:05"]

1. e4 c5 2. Nc3 g6 3. f4 Bg7 4. Nf3 Nc6 5. Bc4 e6 6. f5 gxf5 7. d3 Na5 8. exf5 Nxc4 9. dxc4 d6 10. fxe6 Bxe6 11. Nd5 Bxd5 12. Qxd5 Qe7+ 13. Kd1 Nf6 14. Qd3 O-O-O 15. Bg5 Qe6 16. Re1 Qg4 17. h3 Qd7 18. c3 h6 19. Bh4 Rhe8 20. Kc2 Kb8 21. Rxe8 Rxe8 22. Rd1 Ne4 23. Nd2 Qa4+ 24. Nb3 f5 25. g4 fxg4 26. hxg4 a6 27. Bg3 Ka7 28. Bxd6 Nxd6 29. Qxd6 Bf8 30. Qc7 Re2+ 31. Kb1 Re8 32. Rc1 Re4 33. Nxc5 Bxc5 34. Qxc5+ Ka8 35. b3 Qd7 36. Qd5 Qh7 37. Kb2 Re2+ 38. Ka3 Qe7+ 39. b4 Re3 40. c5 Qg7 41. Kb3 Qxg4 42. Qd8+ Ka7 43. Qd4 Qxd4 44. Re1 Qd5+ 45. Kc2 Rxe1 46. c4 Qe4+ 47. Kd2 Qd4+ 48. Kxe1 Qe4+ 49. Kd2 Qd4+ 50. Kc2 Qxc4+ 51. Kb2 Qxb4+ 52. Kc2 Qxc5+ 53. Kb3 Qa5 54. a4 Qd5+ 55. Kb4 Qd4+ 56. Ka3 Kb6 57. a5+ Kc5 58. Kb3 Qb4+ 59. Ka2 Kc4 60. Ka1 Qa3+ 61. Kb1 Qb3+ 62. Ka1 Qd3 63. Ka2 Kb4 64. Ka1 Qd2 65. Kb1 Kb3 66. Ka1 Qa2# 0-1

[Event "January 9 Late 2024"]
[Site "https://www.chess.com"]
[Date "2024.01.09"]
[Round "3"]
[White "Sanchez Alvares, Kelvin Antonio"]
[Black "Harrington, Steve"]
[Result "0-1"]
[Board "226"]
[TimeControl "180+1"]
[WhiteFideId "3906680"]
[BlackFideId "2038730"]
[WhiteElo "2366"]
[BlackElo "2130"]
[WhiteTeam "VEN"]
[BlackTeam "USA"]
[WhiteClock "0:00:01"]
[BlackClock "0:00:33"]

1. e4 c5 2. Nf3 e6 3. d4 cxd4 4. Nxd4 Nf6 5. Nc3 Nc6 6. Nxc6 bxc6 7. e5 Nd5 8. Ne4 Qc7 9. f4 Qb6 10. c4 Ne3 11. Qd3 Nf5 12. g4 Nh4 13. Be3 Qa5+ 14. Bd2 Qb6 15. b4 Bxb4 16. Bxb4 Qxb4+ 17. Ke2 Qb2+ 18. Nd2 Qxa1 19. Bg2 Qxa2 20. Be4 Ng6 21. Qd6 Nxf4+ 22. Kf3 Ng6 23. Rf1 Qb2 24. c5 Qxe5 25. Qxe5 Nxe5+ 26. Kf4 f6 27. g5 Kf7 28. gxf6 gxf6 29. Nf3 Nxf3 30. Rxf3 a5 0-1

[Event "January 9 Late 2024"]
[Site "https://www.chess.com"]
[Date "2024.01.09"]
[Round "3"]
[White "Aung Thant Zin"]
[Black "Albuquerque Junior,Wellington S."]
[Result "1-0"]
[Board "227"]
[TimeControl "180+1"]
[WhiteFideId "13000063"]
[BlackFideId "2151480"]
[WhiteElo "2130"]
[BlackElo "2360"]
[WhiteTeam "MYA"]
[BlackTeam "BRA"]
[WhiteClock "0:00:56"]
[BlackClock "0:00:10"]

1. e4 c5 2. Nf3 d6 3. Bb5+ Nd7 4. O-O a6 5. Bxd7+ Bxd7 6. h3 Bc6 7. Re1 g6 8. c3 Bg7 9. d4 Nf6 10. d5 Bd7 11. a4 b5 12. Nbd2 O-O 13. Nf1 bxa4 14. e5 Ne8 15. Bf4 Qb6 16. Qd2 Rb8 17. exd6 exd6 18. Re7 Nf6 19. Bg5 Bb5 20. Ng3 Rfe8 21. Rae1 Rxe7 22. Rxe7 Re8 23. Rxe8+ Bxe8 24. Qf4 Nd7 25. Qe3 Qb8 26. Be7 Bf8 27. Bxf8 Nxf8 28. Qe7 h6 29. Ne4 Nh7 30. Nxd6 Bb5 31. Qxf7+ Kh8 32. Qxg6 1-0

[Event "January 9 Late 2024"]
[Site "https://www.chess.com"]
[Date "2024.01.09"]
[Round "3"]
[White "Bernat, David"]
[Black "Antunes, Luciano Justi"]
[Result "0-1"]
[Board "228"]
[TimeControl "180+1"]
[WhiteFideId "2099225"]
[BlackFideId "2126893"]
[WhiteElo "2355"]
[BlackElo "2108"]
[WhiteTeam "USA"]
[BlackTeam "BRA"]
[WhiteClock "0:00:00"]
[BlackClock "0:00:06"]

1. c4 c5 2. Nc3 Nc6 3. g3 g6 4. Bg2 Bg7 5. e4 d6 6. Nge2 Nd4 7. Nxd4 Bxd4 8. Ne2 Bg7 9. O-O Nf6 10. d4 cxd4 11. Nxd4 O-O 12. h3 a5 13. Be3 Nd7 14. Rc1 Nc5 15. Qd2 Bd7 16. Bh6 Qb6 17. Bxg7 Kxg7 18. b3 Ne6 19. Nxe6+ Bxe6 20. Kh2 Qb4 21. Qd4+ Kg8 22. f4 Qc5 23. Qd3 Rfd8 24. f5 Bd7 25. Qf3 Rf8 26. f6 exf6 27. Qxf6 Qe5 28. Rcd1 Be6 29. Qe7 Rad8 30. Rd2 b6 31. Rfd1 Rd7 32. Qh4 Kg7 33. Qf4 Rfd8 34. Qe3 Qc5 35. Qc3+ Qe5 36. Qe3 Qc5 37. Qe2 h5 38. Rd3 h4 39. g4 Qe5+ 40. Kg1 g5 41. Kh1 Re8 42. Qe3 Rb8 43. Kg1 f6 44. Kf2 Kf7 45. Qd4 Ke7 46. Qe3 Qc5 47. Qxc5 dxc5 48. Ke3 Rbd8 49. e5 Rxd3+ 50. Rxd3 Rxd3+ 51. Kxd3 fxe5 52. Bc6 Kd6 53. Bf3 Bf7 54. Be4 Be8 55. Bf5 Bd7 56. Be4 Bc6 57. Bf5 Bg2 58. Ke3 Bxh3 59. Kf2 e4 60. Ke3 Ke5 61. Bc8 Bg2 62. Kf2 Bf3 63. Ke3 h3 64. Kf2 Kf4 65. Bb7 e3+ 0-1

[Event "January 9 Late 2024"]
[Site "https://www.chess.com"]
[Date "2024.01.09"]
[Round "3"]
[White "Van Baar, Esper"]
[Black "Luukkonen, Tommi"]
[Result "0-1"]
[Board "229"]
[TimeControl "180+1"]
[WhiteFideId "1049321"]
[BlackFideId "501808"]
[WhiteElo "2104"]
[BlackElo "2354"]
[WhiteTeam "NED"]
[BlackTeam "FIN"]
[WhiteClock "0:00:04"]
[BlackClock "0:01:25"]

1. d4 Nf6 2. Bf4 g6 3. Nf3 Bg7 4. e3 d6 5. h3 Nc6 6. c3 O-O 7. Nbd2 Nd7 8. Bg3 e5 9. dxe5 Ndxe5 10. Nxe5 Nxe5 11. Nf3 Qe7 12. Be2 a5 13. a4 Nd7 14. O-O Nc5 15. Bc4 h6 16. Nd4 Ne4 17. Bh2 c6 18. Bd3 d5 19. Qc2 Re8 20. Bxe4 dxe4 21. Rfd1 Qg5 22. Kh1 Qc5 23. Nb3 Qb6 24. Nd2 Kh7 25. Nc4 Qa6 26. Nd6 Re7 27. Nxc8 Rxc8 28. Rd2 Qc4 29. b3 Qe6 30. Rad1 b5 31. Rd6 Qf5 32. axb5 cxb5 33. R1d5 Rxc3 34. Qxc3 Bxc3 35. Rxf5 gxf5 36. Rd5 a4 37. bxa4 bxa4 38. Bd6 Rd7 39. Rc5 Bb4 40. Rc7 Rxd6 0-1

[Event "January 9 Late 2024"]
[Site "https://www.chess.com"]
[Date "2024.01.09"]
[Round "3"]
[White "Ghosh, Chanchal Kumer"]
[Black "Ward, Ieuan C"]
[Result "1-0"]
[Board "230"]
[TimeControl "180+1"]
[WhiteFideId "10201858"]
[BlackFideId "406627"]
[WhiteElo "2103"]
[BlackElo "2353"]
[WhiteTeam "BAN"]
[BlackTeam "ENG"]
[WhiteClock "0:01:18"]
[BlackClock "0:01:06"]

1. e4 e5 2. Nf3 Nc6 3. Bc4 Bc5 4. c3 Nf6 5. d4 exd4 6. cxd4 Bb4+ 7. Nc3 Bxc3+ 8. bxc3 d5 9. exd5 Nxd5 10. Qe2+ Nce7 11. Ba3 Bg4 12. Bxd5 c6 13. Bxf7+ Kxf7 14. Ne5+ Kf8 15. Qxg4 g6 16. Qf3+ Kg7 17. Qf7+ Kh6 18. Ng4+ Kg5 1-0

[Event "January 9 Late 2024"]
[Site "https://www.chess.com"]
[Date "2024.01.09"]
[Round "3"]
[White "Diaz Garcia, Lianet"]
[Black "Rosenberg, Evan S"]
[Result "0-1"]
[Board "231"]
[TimeControl "180+1"]
[WhiteFideId "3526747"]
[BlackFideId "2019299"]
[WhiteElo "2070"]
[BlackElo "2349"]
[WhiteTeam "CUB"]
[BlackTeam "USA"]
[WhiteClock "0:00:00"]
[BlackClock "0:01:37"]

1. e4 e5 2. Nf3 Nc6 3. Bb5 Nf6 4. d3 Ne7 5. O-O c6 6. Ba4 Ng6 7. c3 Be7 8. Re1 O-O 9. Nbd2 Qc7 10. Nf1 d5 11. h3 Be6 12. exd5 cxd5 13. d4 e4 14. N3h2 Nf4 15. Be3 Nd3 16. Rb1 Nxe1 17. Qxe1 Bd7 18. Bb3 Bb5 19. Ng3 Bd3 20. Rd1 g6 21. f3 Bd6 22. Ngf1 Rae8 23. Qf2 Kg7 24. Ng4 Nxg4 25. hxg4 Bc4 26. f4 Bxb3 27. axb3 f5 0-1

[Event "January 9 Late 2024"]
[Site "https://www.chess.com"]
[Date "2024.01.09"]
[Round "3"]
[White "Harriott, Tyrell"]
[Black "Powell, Paul"]
[Result "1-0"]
[Board "232"]
[TimeControl "180+1"]
[WhiteFideId "2086484"]
[BlackFideId "2005840"]
[WhiteElo "2347"]
[BlackElo "2058"]
[WhiteTeam "USA"]
[BlackTeam "USA"]
[WhiteClock "0:01:10"]
[BlackClock "0:00:00"]

1. d4 Nf6 2. e3 d5 3. Bd3 g6 4. f4 Bg7 5. Nf3 O-O 6. O-O b6 7. Nbd2 c5 8. c3 Nc6 9. Qe1 c4 10. Bc2 b5 11. a3 a5 12. e4 dxe4 13. Nxe4 Bb7 14. Ng3 Qd6 15. Ne5 b4 16. axb4 axb4 17. Rxa8 Rxa8 18. Qe2 bxc3 19. bxc3 Ra2 20. Rf2 Ra1 21. Rf1 Na5 22. f5 Qd5 23. fxg6 hxg6 24. h3 Nb3 25. Bg5 Rxf1+ 26. Nxf1 Nh5 27. Nf3 e6 28. Ne3 Qc6 29. Nxc4 Na1 30. Bd3 1-0

[Event "January 9 Late 2024"]
[Site "https://www.chess.com"]
[Date "2024.01.09"]
[Round "3"]
[White "Filipovic, Slobodan J"]
[Black "Reinecke, Katharina"]
[Result "1-0"]
[Board "233"]
[TimeControl "180+1"]
[WhiteFideId "939633"]
[BlackFideId "12929727"]
[WhiteElo "2347"]
[BlackElo "2024"]
[WhiteTeam "SRB"]
[BlackTeam "GER"]
[WhiteClock "0:01:13"]
[BlackClock "0:00:01"]

1. c4 c6 2. e3 d5 3. Nf3 Nf6 4. b3 Bg4 5. Bb2 e6 6. Be2 Be7 7. Nc3 O-O 8. h3 Bxf3 9. Bxf3 a6 10. O-O b5 11. d3 Nbd7 12. g3 Qc7 13. Bg2 Rfd8 14. Rc1 Qb6 15. Qe2 Rac8 16. Rfd1 Nc5 17. b4 Na4 18. Nxa4 bxa4 19. a3 a5 20. Bd4 Qb7 21. bxa5 c5 22. Rb1 Qa6 23. Bxf6 Bxf6 24. cxd5 exd5 25. Rb6 Qxa5 26. Rxf6 gxf6 27. Qg4+ Kf8 28. Qf5 c4 29. dxc4 dxc4 30. Qxa5 Rxd1+ 31. Kh2 c3 32. Be4 c2 33. Qb4+ Kg7 34. Bxc2 Rxc2 35. Qg4+ Kf8 36. Qxd1 Rxf2+ 37. Kg1 Ra2 38. Qd6+ Kg7 39. Qd3 Ra1+ 40. Kg2 Ra2+ 41. Kf3 Rh2 42. Qf5 Ra2 43. Qg4+ Kf8 44. Qxa4 Rh2 45. Qh4 Ra2 46. Qxf6 Kg8 47. Qd6 h5 48. h4 1-0

[Event "January 9 Late 2024"]
[Site "https://www.chess.com"]
[Date "2024.01.09"]
[Round "3"]
[White "Fareh, Youness"]
[Black "Korol, Dimitry"]
[Result "0-1"]
[Board "234"]
[TimeControl "180+1"]
[WhiteFideId "9000526"]
[BlackFideId "14108003"]
[WhiteElo "2024"]
[BlackElo "2341"]
[WhiteTeam "MAR"]
[BlackTeam "UKR"]
[WhiteClock "0:01:14"]
[BlackClock "0:00:09"]

1. Nf3 c5 2. c4 g6 3. Nc3 Bg7 4. g3 Nc6 5. Bg2 Nh6 6. O-O Nf5 7. d3 h5 8. h4 a6 9. a3 Rb8 10. Rb1 b5 11. cxb5 axb5 12. b4 Bxc3 13. Qb3 cxb4 14. Ng5 O-O 15. e4 Nfd4 16. Qa2 b3 17. Rxb3 Nxb3 18. Qxb3 Bg7 19. f4 Nd4 20. Qa2 d5 21. f5 e6 22. exd5 exf5 23. Bf4 Ra8 24. d6 Be6 25. Nxe6 Nxe6 26. Bxa8 Nxf4 27. Rxf4 Qxa8 28. Qb3 Qc6 29. Kh2 Qxd6 30. Qxb5 Qxa3 31. Rf2 Qc3 32. Kh3 Qd4 33. Rc2 Rd8 34. Rd2 Qd5 35. Qb1 Bh6 36. Rd1 f4 37. Rf1 Qxd3 38. Qe1 Qxg3+ 39. Qxg3 fxg3 40. Kxg3 Kg7 41. Rc1 Bxc1 0-1